 Dungeon Crawl Stone Soup version 0.31-a0-18-gea43df2 (webtiles) character file.

Game seed: 1838285620227561870

355 Nithhogg the Trooper (level 6, 0/56 HPs)
             Began as a Hill Orc Fighter on May 9, 2023.
             Slain by Ijyb
             ... wielding a +6 club
              (5 damage)
             ... on level 3 of the Dungeon.
             The game lasted 00:03:42 (2702 turns).

Nithhogg the Trooper (Hill Orc Fighter)             Turns: 2702, Time: 00:03:42

Health: 0/56       AC:  8    Str: 21    XL:     6   Next: 63%
Magic:  9/9        EV:  9    Int:  8    God:
Gold:   104        SH:  0    Dex: 10    Spells: 5/5 levels left

rFire   . . .        a - +1 war axe
rCold   . . .        (no shield)
rNeg    . . .        b - +0 scale mail
rPois   .            f - +0 helmet
rElec   .            (no cloak)
rCorr   .            (no gloves)
SInv    .            (no boots)
Will    .....        (no amulet) Stlth
                     (no ring)
HPRegen 0.29/turn    (no ring)
MPRegen 0.11/turn

%: no passive effects
@: no status effects
A: no striking features
a: no special abilities


You were on level 3 of the Dungeon.
You visited 1 branch of the dungeon, and saw 3 of its levels.

You collected 104 gold pieces.

Inventory:

Hand Weapons
 a - a +1 war axe (weapon)
 j - a +1 mace of protection
Armour
 b - a +0 scale mail (worn)
 c - a +0 buckler
 f - a +0 helmet (worn)
Scrolls
 e - a scroll of enchant weapon
 m - 2 scrolls of identify
 n - a scroll of blinking
Potions
 d - 2 potions of might
 g - a potion of attraction {unknown}
 h - a potion of magic {unknown}
 i - 2 potions of cancellation {unknown}
 k - 3 potions of heal wounds {unknown}
 l - 2 potions of curing {unknown}


   Skills:
 + Level 5.3 Fighting
 + Level 5.0 Axes
 + Level 4.8 Armour
 - Level 3.2 Shields
 + Level 4.0 Invocations


You had 5 spell levels left.
You didn't know any spells.
Your spell library contained the following spells:

 Spells                   Type           Power      Damage    Failure   Level
 Poisonous Vapours        Pois/Air       0%         N/A       86%         2
 Mephitic Cloud           Conj/Pois/Air  0%         N/A       98%         3
 Portal Projectile        Hex/Tloc       0%         N/A       98%         3
 Tukima's Dance           Hex            0%         N/A       98%         3
 Blade Hands              Tmut           0%         N/A       100%        5
 Freezing Cloud           Conj/Ice/Air   0%         6-21      100%        5


Dungeon Overview and Level Annotations

Branches:
Dungeon (3/15)

Altars:
Wu Jian

Shops:
D:2 (   D:3 (

Annotations:
D:3 Ijyb


Message History

Ijyb is lightly wounded.
Ijyb barely misses you.
You miss Ijyb.
Ijyb is lightly wounded.
Ijyb closely misses you.
You slash Ijyb!
Ijyb is moderately wounded.
Ijyb hits you but does no damage. Ijyb closely misses you.
You miss Ijyb.
Ijyb is moderately wounded.
Ijyb zaps a wand.
The puff of flame hits you.
You miss Ijyb.
Ijyb is moderately wounded.
Ijyb zaps a wand.
The puff of flame hits you!
* * * LOW HITPOINT WARNING * * *
You closely miss Ijyb.
Ijyb is moderately wounded.
Ijyb closely misses you.
You barely miss Ijyb.
Ijyb is moderately wounded.
Ijyb hits you with a +6 club.
* * * LOW HITPOINT WARNING * * *
Ijyb hits you but does no damage.
You slash Ijyb!
Ijyb is almost dead.
Ijyb hits you with a +6 club.
* * * LOW HITPOINT WARNING * * *
You barely miss Ijyb.
Ijyb is almost dead.
Ijyb closely misses you.
You completely miss Ijyb.
Ijyb is almost dead.
Ijyb barely misses you. x2
You closely miss Ijyb.
Ijyb is almost dead.
Ijyb hits you but does no damage.
You barely miss Ijyb.
Ijyb is almost dead.
Ijyb hits you with a +6 club.
You die...

#############*******
#...'..)....#$,,*≈≈#
#...'.@g....'[,,*≈≈#
#...#?......#####≈≈#
#...##########...≈≈#
#............#...≈≈#
#............#...≈≈#
##'##.....##'##..≈≈#
#.))#.....#...#..≈≈#
#...#.....#.).#..≈≈#
#...#.....#...#..≈≈#


You could see Ijyb.

Vanquished Creatures
  Sigmund (D:2)
  An orc priest (D:3)
  Natasha (twice) (D:3)
  A gnoll (D:1)
  3 adders (D:2)
  A worm (D:2)
  2 dart slugs
  4 orcs (D:3)
  9 bats
  4 endoplasms
  8 goblins (D:3)
  10 hobgoblins
  3 jackals (D:3)
  A quokka (D:1)
  4 ball pythons
  4 kobolds
  2 rats
60 creatures vanquished.

Notes
Turn   | Place    | Note
-------+----------+-------------------------------------------
     0 | D:1      | Nithhogg the Hill Orc Fighter began the quest for the Orb.
     0 | D:1      | Reached XP level 1. HP: 19/19 MP: 1/1
    72 | D:1      | Reached XP level 2. HP: 27/27 MP: 2/2
    73 | D:1      | Reached skill level 1 in Invocations
   208 | D:1      | Reached XP level 3. HP: 31/33 MP: 4/4
   563 | D:2      | Found Qaqunof's Weapon Boutique.
   905 | D:2      | Noticed Sigmund
   924 | D:2      | Killed Sigmund
   925 | D:2      | Reached skill level 5 in Fighting
   925 | D:2      | Reached XP level 4. HP: 7/42 MP: 4/6
   925 | D:2      | Reached XP level 5. HP: 8/48 MP: 4/7
  1344 | D:2      | Reached XP level 6. HP: 50/56 MP: 8/8
  1993 | D:3      | Noticed Natasha
  1999 | D:3      | Killed Natasha
  2148 | D:3      | Found an ornate altar of the Wu Jian Council.
  2333 | D:3      | Found Fiutodgh's Antique Weapon Shop.
  2437 | D:3      | Found a faded altar of an unknown god.
  2576 | D:3      | Noticed Natasha
  2588 | D:3      | Killed Natasha
  2589 | D:3      | Reached skill level 5 in Axes
  2678 | D:3      | Noticed Ijyb
  2702 | D:3      | Slain by Ijyb

Illustrated notes

Levels and vault maps discovered:
D:1:      minmay_arrival_radiant_lines, layout_rooms
D:2:      layout_loops_cross, serial_co_window_serial,
          co_window_of_opportunity_a, co_window_paths_b, co_window_paths_b,
          co_window_corner_a, co_window_paths_a, co_window_broadway_b,
          co_window_corner_b, co_window_corner_b, co_window_of_opportunity_c,
          co_window_paths_c, co_window_broadway_c, co_window_4corner_a,
          glass_columns_b, glass_columns_a, glass_columns_a, glass_columns_b,
          serial_shops, shop, minmay_misc_feat_five, uniq_sigmund
D:3:      kennysheep_goblin_castle, layout_basic, mainiacjoe_overflow_boulevard,
          ebering_ecumenical_altar_mist, serial_shops, shop, serial_glass,
          glass_columns_a, glass_columns_c, glass_columns_a, glass_columns_a,
          glass_columns_b, glass_columns_c, minmay_goblin_kobold_house,
          uniq_natasha

Skill      XL: |  1  2  3  4  5  6 |
---------------+-------------------+-----
Axes           | 3 4 5 |  5.0
Invocations    | 1 3 4 |  4.0
Fighting       | 4 5 |  5.3
Armour         | 4 |  4.8
Shields        | |  3.2

Action                     |  1- 3 |  4- 6 || total
---------------------------+-------+-------++-------
  Melee: War axe           |    75 |    89 ||   164
         Punch             |       |     2 ||     2
    Use: Scroll            |       |     8 ||     8
 Armour: Scale mail        |    32 |    47 ||    79
  Dodge: Dodged            |    44 |    57 ||   101

Table legend: (Time is in decaauts)
 A = Elapsed time spent in this place.
 B = Non-inter-level travel time spent in this place.
 C = Inter-level travel time spent in this place.
 D = Time resting spent in this place.
 E = Time spent auto-exploring this place.
 F = Levels seen in this place.
 G = Mean time per level.
                   A        B        C        D        E       F      G
               +--------+--------+--------+--------+--------+-----+--------+
         Total |   2776 |   2755 |     21 |    367 |   1947 |   3 |  925.3 |
       Dungeon |   2776 |   2755 |     21 |    367 |   1947 |   3 |  925.3 |
               +--------+--------+--------+--------+--------+-----+--------+

Top non-repeatable levels by time:
     D:2: 1511 daAuts
     D:3: 776 daAuts
     D:1: 489 daAuts
